 Dungeon Crawl Stone Soup version 0.29-a0-998-g1987434951 (webtiles) character file.

Game seed: 17417651867001036108

4702 siradein the Charlatan (level 10, -2/84 HPs)
             Began as a Yellow Draconian Artificer on Aug 5, 2022.
             Was a High Priest of Dithmenos.
             Slain by a wyvern (11 damage)
             ... on level 9 of the Dungeon.
             The game lasted 00:22:44 (10189 turns).

siradein the Charlatan (DrAr)                      Turns: 10189, Time: 00:22:44

Health: -2/84      AC:  9    Str: 19      XL:     10   Next: 21%
Magic:  14/14      EV: 14    Int: 14      God:    Dithmenos [*****.]
Gold:   450        SH: 10    Dex: 15 (16) Spells: 11/14 levels left

rFire   . . .      SeeInvis +   t - +4 spear of Fouran {vorpal, Str+4 Dex+3 Stlth+}
rCold   . . .      Faith    .   i - +0 buckler
rNeg    . . .      Spirit   .   (body armour unavailable)
rPois   .          Reflect  +   (helmet restricted)
rElec   .          Harm     .   J - +0 cloak
rCorr   +          Rampage  .   (no gloves)
Will    .....                   o - +0 pair of boots
Stlth   +++++++...              q - amulet of reflection
HPRegen 0.24/turn               C - ring of see invisible
MPRegen 0.14/turn               (no ring)

@: short of breath, wreathed by umbra
A: spit acid, AC +7, unfitting armour, cold-blooded, acid resistance
a: Breathe Acid, Renounce Religion, Shadow Step, Shadow Form


You were on level 9 of the Dungeon.
You worshipped Dithmenos.
Dithmenos was extremely pleased with you.
You visited 1 branch of the dungeon, and saw 9 of its levels.
You also visited: Sewer.

You collected 580 gold pieces.
You spent 130 gold pieces at shops.

Inventory:

Hand Weapons
 t - the +4 spear of Fouran (weapon) {vorpal, Str+4 Dex+3 Stlth+}
   (You found it on level 3 of the Dungeon)

   It inflicts extra damage upon your enemies.
   Str:       It affects your strength (+4).
   Dex:       It affects your dexterity (+3).
   Stlth:     It makes you more stealthy.
 K - the +3 woodcutter's axe {vorpal}
   (You took it off a gnoll on level 8 of the Dungeon)

   It inflicts extra damage upon your enemies.
Armour
 i - a +0 buckler (worn)
 o - a +0 pair of boots (worn)
 J - a +0 cloak (worn)
Jewellery
 j - an amulet of guardian spirit
 q - an amulet of reflection (around neck)
 y - an amulet of the acrobat
 z - an amulet of regeneration
 A - an amulet of magic regeneration
 C - a ring of see invisible (left hand)
 I - a ring of fire
 M - a ring of ice
Wands
 c - a wand of charming (15)
 d - a wand of iceblast (13)
 B - a wand of flame (12)
 H - a wand of mindburst (17)
Scrolls
 f - 4 scrolls of teleportation
 g - 4 scrolls of immolation
 l - a scroll of magic mapping {unknown}
 p - 2 scrolls of summoning {unknown}
 r - a scroll of torment {unknown}
 s - 2 scrolls of blinking
 u - a scroll of brand weapon {unknown}
 E - a scroll of fear
 L - a scroll of enchant weapon {unknown}
Potions
 a - 5 potions of curing
 b - a potion of cancellation {unknown}
 e - 4 potions of heal wounds
 h - a potion of lignification
 k - a potion of attraction
 m - 3 potions of mutation {unknown}
 n - 4 potions of brilliance
 v - 3 potions of haste
 w - a potion of magic {unknown}
 x - a potion of invisibility {unknown}
 D - 4 potions of might {unknown}
 F - 3 potions of flight {unknown}
Miscellaneous
 G - a lightning rod (4/4)


   Skills:
 + Level 6.8 Fighting
 + Level 6.0 Dodging
 + Level 6.1 Stealth
 + Level 4.0 Shields
 + Level 2.6 Spellcasting
 + Level 2.8 Conjurations
 + Level 2.8 Earth Magic
 + Level 5.1 Invocations
 + Level 6.9 Evocations


You had 11 spell levels left.
You knew the following spells:

 Your Spells              Type           Power      Damage    Failure   Level
a - Stone Arrow           Conj/Erth      18%        3d8       26%         3

Your spell library contained the following spells:

 Spells                   Type           Power      Damage    Failure   Level
 Magic Dart               Conj           36%        1d4       9%          1
 Searing Ray              Conj           18%        2d5       13%         2
 Foxfire                  Conj/Fire      20%        2x1d5     16%         1
 Freeze                   Ice            4%         1d3       28%         1
 Slow                     Hex            4%         N/A       28%         1
 Conjure Flame            Conj/Fire      5%         6-21      43%         3
 Call Canine Familiar     Summ           1%         N/A       65%         3
 Confusing Touch          Hex            1%         N/A       65%         3
 Frozen Ramparts          Ice            2%         1d8       65%         3
 Inner Flame              Hex/Fire       1%         N/A       65%         3
 Portal Projectile        Hex/Tloc       2%         N/A       65%         3
 Tukima's Dance           Hex            1%         N/A       65%         3
 Vampiric Draining        Necr           1%         2d6       65%         3
 Flame Wave               Conj/Fire      5%         2d5       83%         4
 Fulminant Prism          Conj/Hex       2%         3d6       83%         4
 Hailstorm                Conj/Ice       5%         3d4       83%         4
 Leda's Liquefaction      Hex/Erth       2%         N/A       85%         4
 Passage of Golubria      Tloc           1%         N/A       96%         4
 Yara's Violent Unravell  Hex/Tmut       0%         3d3       100%        5
 Lehudib's Crystal Spear  Conj/Erth      4%         10d3      100%        8
 Animate Armour           Summ/Erth      Unusable   N/A       N/A         4

Dungeon Overview and Level Annotations

Branches:
Dungeon (9/15)             Temple (0/1) D:7           Sewer (visited)
   Lair: D:8-11         Orc: D:9-12

Altars:
Ashenzari
Cheibriados
Dithmenos
Elyvilon
Hepliaklqana

Shops:
D:1 ?   D:2 :


Innate Abilities, Weirdness & Mutations

You can spit globs of acid.
Your golden yellow scales are hard. (AC +7)
You cannot fit into any form of body armour.
You are cold-blooded and may be slowed by cold attacks.
You are resistant to acid. (rCorr)


Message History

The wyvern attacks as you move away! You block the wyvern's attack.
The wyvern barely misses you.
The quasit disappears in a puff of smoke!
You block the wyvern's attack. The wyvern attacks as you move away!
The wyvern bites you!
* * * LOW HITPOINT WARNING * * *
The wyvern attacks as you move away! The wyvern closely misses you.
The red devil disappears in a puff of smoke!
The wyvern misses you.
The kobold brigand attacks as you move away!
The kobold brigand misses you. You block the wyvern's attack.
The kobold brigand attacks as you move away!
The kobold brigand closely misses you. The wyvern closely misses you.
The kobold brigand throws a poisoned dart.
The poisoned dart misses you. The wyvern attacks as you move away!
The wyvern closely misses you. You block the wyvern's attack.
The wyvern closely misses you.
The kobold brigand throws a poisoned dart.
The poisoned dart barely misses you. The wyvern attacks as you move away!
You block the wyvern's attack. x2
The wyvern attacks as you move away! The wyvern bites you!
* * * LOW HITPOINT WARNING * * *
Press: ? - help, Shift-Dir - straight line, f - wyvern
Aim: a wyvern (umbra, 64% to hit)
You spit a glob of acid.
The glob of acid misses the wyvern.
The glob of acid hits the kobold brigand!!
The acid splashes onto the wyvern!
The wyvern is splashed with acid!
The acid splashes onto the kobold!
The kobold is splashed with acid.
You kill the kobold!
Dithmenos accepts your kill.
The kobold brigand is almost dead.
The wyvern bites you.
* * * LOW HITPOINT WARNING * * *
The wyvern bites you but does no damage.
Your Shields skill increases to level 4!
You barely miss the wyvern.
The wyvern is moderately wounded.
The wyvern bites you!
You die...

##### #####
####...###
....#######.....)..#
##.................#
.....######).......#
...### #.......##
...# ##.......# #..#
#......@## #..#
########l### #..#
##K)## #..# ###..###
#..# ####......#
#..# #........##
#..# ##.......##
#..# ##.......#
#....5..#


You could see a wyvern and a kobold brigand.

Vanquished Creatures
  A two-headed ogre (D:8)
  Grinder (Sewer)
  A hornet (D:7)
  2 steam dragons
  2 black bears
  An ice beast (D:5)
  The ghost of ValeOmni the Poker, an amateur GnWn of Sif Muna (D:3)
  2 centaurs
  A phantom (D:5)
  2 kobold brigands
  3 bullfrogs
  A gnoll sergeant (D:5)
  6 scorpions
  5 necrophages
  5 wights (D:8)
  4 killer bees (D:8)
  4 howler monkeys
  2 quasits (Sewer)
  7 crimson imps (D:8)
  4 hounds
  4 orc priests
  A jelly (D:5)
  A gnoll bouda (D:8)
  Terence (D:2)
  7 orc wizards
  An iguana (D:5)
  13 gnolls
  11 adders
  A river rat (D:3)
  2 shadow imps (Sewer)
  3 white imps
  5 ufetubi
  4 worms
  3 dart slugs
  25 orcs
  7 ball pythons
  8 endoplasms
  11 giant cockroaches
  11 goblins
  4 hobgoblins
  5 quokkas
  9 bats
  3 frilled lizards
  A giant cockroach zombie (Sewer)
  31 kobolds
  9 rats
236 creatures vanquished.

Vanquished Creatures (others)
  2 kobolds
  A kobold zombie (Sewer)
  9 fungi
  3 plants (D:1)
15 creatures vanquished.

Grand Total: 251 creatures vanquished

Notes
Turn   | Place    | Note
-------+----------+-------------------------------------------
     0 | D:1      | siradein the Draconian Artificer began the quest for the
                  | Orb.
     0 | D:1      | Reached XP level 1. HP: 16/16 MP: 1/1
    82 | D:1      | Reached skill level 1 in Stealth
   114 | D:1      | Found Vomik's Magic Scroll Emporium.
   263 | D:1      | Reached XP level 2. HP: 23/23 MP: 2/2
   801 | D:1      | Reached XP level 3. HP: 18/29 MP: 3/3
  1177 | D:1      | Found a faded altar of an unknown god.
  1262 | D:1      | Prayed at the altar of an unknown god.
  1262 | D:1      | Became a worshipper of Dithmenos the Shadowed
  1262 | D:1      | Reached * piety under Dithmenos
  1317 | D:2      | Found Qunuleh's Book Shoppe.
  1539 | D:2      | Found a snail-covered altar of Cheibriados.
  2090 | D:2      | Reached XP level 4. HP: 36/36 MP: 4/4
  2122 | D:2      | Noticed Terence
  2142 | D:2      | Killed Terence
  2830 | D:3      | Reached ** piety under Dithmenos
  2991 | D:3      | Identified the +0 robe of the Dropbear {rN+ Dex+5}
  3034 | D:3      | Reached XP level 5. HP: 28/42 MP: 2/5
  3252 | D:3      | Identified the +4 spear of Fouran {vorpal, Str+4 Dex+3
                  | Stlth+}
  3307 | D:3      | Found a glowing drain.
  3328 | Sewer    | Entered a sewer
  3657 | Sewer    | Reached *** piety under Dithmenos
  3671 | Sewer    | Found a burning altar of Makhleb.
  3771 | Sewer    | Reached XP level 6. HP: 45/51 MP: 6/6
  3828 | Sewer    | Noticed Grinder
  3897 | Sewer    | Killed Grinder
  3898 | Sewer    | Your scales start taking on a golden yellow colour.
  3898 | Sewer    | Reached XP level 7. HP: 5/59 MP: 1/7
  3898 | Sewer    | Gained mutation: You are resistant to acid. (rCorr) [Yellow
                  | Draconian growth]
  4428 | D:3      | Found a runed translucent gate.
  4428 | D:3      | Found a runed translucent gate.
  4429 | D:3      | Found a runed translucent gate.
  4432 | D:3      | Noticed ValeOmni's ghost (amateur GnWn)
  4888 | D:3      | Killed ValeOmni's ghost
  4889 | D:3      | Reached skill level 1 in Invocations
  4890 | D:3      | HP: 3/60 [kobold/+0 whip (4)]
  4896 | D:3      | Reached skill level 5 in Evocations
  5259 | D:4      | Reached **** piety under Dithmenos
  5680 | D:1      | Bought a scroll of noise for 13 gold pieces
  5680 | D:1      | Bought a scroll of identify for 26 gold pieces
  5680 | D:1      | Bought a scroll of teleportation for 39 gold pieces
  5680 | D:1      | Bought a scroll of fear for 52 gold pieces
  5787 | D:5      | Entered Level 5 of the Dungeon
  5810 | D:5      | Reached XP level 8. HP: 67/67 MP: 9/9
  5842 | D:5      | Reached skill level 5 in Fighting
  6169 | D:5      | Reached skill level 1 in Shields
  6199 | D:5      | Reached skill level 5 in Dodging
  6524 | D:5      | Reached skill level 5 in Stealth
  6574 | D:5      | Reached ***** piety under Dithmenos
  6701 | D:5      | Found a white marble altar of Elyvilon.
  6968 | D:6      | Identified the +10 short sword of Haymuet {freeze, rF+
                  | rN+++ Str-2}
  7151 | D:6      | Reached XP level 9. HP: 74/74 MP: 11/11
  7156 | D:6      | Learned a level 3 spell: Stone Arrow
  7699 | D:7      | Found a staircase to the Ecumenical Temple.
  7705 | D:7      | Reached skill level 1 in Conjurations
  7726 | D:7      | Found a shadowy altar of Dithmenos.
  7727 | D:7      | Found a hazy altar of Hepliaklqana.
  7754 | D:7      | Reached skill level 1 in Earth Magic
  7809 | D:7      | Reached skill level 1 in Spellcasting
  9002 | D:8      | Noticed a two-headed ogre
  9300 | D:8      | Reached XP level 10. HP: 77/84 MP: 13/13
  9358 | D:8      | Killed a two-headed ogre
  9359 | D:8      | Reached skill level 5 in Invocations
  9915 | D:9      | Found a broken altar of Ashenzari.
 10166 | D:9      | Noticed a smoke demon
 10189 | D:9      | Slain by a wyvern

Illustrated notes

Levels and vault maps discovered:
D:1:      noname_arrival_rooms_in_the_neighbourhood, layout_loops_ring,
          serial_shops, nicolae_shop_trees, dreamdust_ecumenical_altar_grove
D:2:      minmay_inner_zag, layout_loops_ring, serial_shops, shop, basic_altar,
          uniq_terence
D:3:      layout_basic, gup_sewer_entry_bubbles, gammafunk_ghost_nasty_kobolds,
          hangedman_decor_points
D:4:      layout_cave_pools, hangedman_abyss_or_decor_passed
D:5:      minmay_evil_eye, layout_rooms, overflow_temple_1_default
D:6:      nicolae_cairo_tiling, layout_loops_cross
D:7:      layout_rooms, riverfiend_overflow_shadow_ancestor,
          minmay_temple_entry_statues_fountains
D:8:      layout_basic, enter_bailey_6, minmay_nine_imps
D:9:      layout_cave_pods, mainiacjoe_overflow_alcove_1

Skill      XL: |  1  2  3  4  5  6  7  8  9 10 |
---------------+-------------------------------+-----
Stealth        | 1 2 3 4 5 6 |  6.1
Fighting       | 2 3 4 5 6 |  6.8
Dodging        | 3 4 5 6 |  6.0
Evocations     | 4 5 6 |  6.9
Invocations    | 2 3 4 5 |  5.1
Shields        | 2 3 4 |  4.0
Conjurations   | 2 |  2.8
Earth Magic    | 2 |  2.8
Spellcasting   | 2 |  2.6

Action                   |  1- 3 |  4- 6 |  7- 9 | 10-12 || total
-------------------------+-------+-------+-------+-------++-------
Melee: Club              |    21 |       |       |       ||    21
       Tailslap          |    26 |    20 |    42 |     7 ||    95
       Short sword       |    33 |       |       |       ||    33
       Dagger            |   127 |    10 |       |       ||   137
       Mace              |       |    64 |       |       ||    64
       Spear             |       |   127 |   406 |    25 ||   558
       Punch             |       |     2 |     2 |       ||     4
 Abil: Breathe Acid      |       |       |    37 |     3 ||    40
Evoke: Wand              |       |    15 |       |       ||    15
  Use: Scroll            |       |       |     8 |       ||     8
       Potion            |       |       |     2 |       ||     2
 Stab: Sleeping          |    10 |     7 |    23 |     1 ||    41
       Distracted        |     1 |       |       |       ||     1
Armor: Skin              |    53 |   101 |    77 |    16 ||   247
Dodge: Dodged            |   105 |   255 |   251 |    57 ||   668
Block: Other             |       |       |    19 |       ||    19
       Reflection        |       |       |     3 |     2 ||     5
       Buckler           |       |       |   152 |    42 ||   194

Table legend: (Time is in decaauts)
 A = Elapsed time spent in this place.
 B = Non-inter-level travel time spent in this place.
 C = Inter-level travel time spent in this place.
 D = Time resting spent in this place.
 E = Time spent auto-exploring this place.
 F = Levels seen in this place.
 G = Mean time per level.
                   A        B        C        D        E       F      G
               +--------+--------+--------+--------+--------+-----+--------+
         Total |  10302 |   9817 |    485 |    219 |   7487 |  10 | 1030.2 |
       Dungeon |   9268 |   8783 |    485 |    219 |   6701 |   9 | 1029.8 |
         Sewer |   1034 |   1034 |      0 |      0 |    785 |   1 | 1034.0 |
               +--------+--------+--------+--------+--------+-----+--------+

Top non-repeatable levels by time:
     D:2: 1536 daAuts
     D:8: 1508 daAuts
     D:3: 1433 daAuts
     D:1: 1369 daAuts
     D:5: 1069 daAuts
   Sewer: 1034 daAuts
     D:6: 813 daAuts
     D:7: 698 daAuts
     D:4: 483 daAuts
     D:9: 356 daAuts
